 Dungeon Crawl Stone Soup version 0.32-a0-928-g1cae6b7ea0 (webtiles) character file.

Game seed: 6497509595016431495

3572 jasper the Grappler (level 9, -4/89 HPs)
             Began as a Troll Fighter on Apr 12, 2024.
             Was a Priest of Wu Jian.
             Slain by a gnoll
             ... wielding a +0 flail
             ... led by a gnoll bouda
              (7 damage)
             ... on level 7 of the Dungeon.
             The game lasted 00:13:38 (5762 turns).

jasper the Grappler (Troll Fighter)                 Turns: 5762, Time: 00:13:39

Health: -4/89      AC: 10    Str: 26    XL:     9   Next: 84%
Magic:  8/8        EV: 10    Int:  2    God:    Wu Jian [***...]
Gold:   347        SH:  9    Dex: 13    Spells: 8/8 levels left

rFire   + .          .
                       - Unarmed
rCold   . . .        b - +0 kite shield
rNeg    + . .        B - +4 robe "Niniupnajio" {rN+ Will+ Int-2}
rPois   .            (helmet restricted)
rElec   .            m - +1 cloak
rCorr   .            (gloves unavailable)
SInv    .            (boots unavailable)
Will    +....        (no amulet)
Stlth   +            g - ring of protection from fire
HPRegen 1.14/turn    p - ring of flight
MPRegen 0.11/turn

%: no passive effects
@: mighty, weakened, flying
A: large, unfitting armour, claws 3, regeneration 1, shaggy fur 1, tough skin 1
a: Renounce Religion, Wall Jump, Serpent's Lash


You were on level 7 of the Dungeon.
You worshipped Wu Jian.
Wu Jian was most pleased with you.
You visited 2 branches of the dungeon, and saw 8 of its levels.

You collected 361 gold pieces.
You donated 14 gold pieces to Zin.

Inventory:

Missiles
 c - 2 throwing nets
 h - a curare-tipped dart (quivered)
 i - 21 poisoned darts
 j - 6 javelins
Armour
 a - a +0 robe
 b - a +0 kite shield (worn)
 m - a +1 cloak (worn)
 B - the +4 robe "Niniupnajio" (worn) {rN+ Will+ Int-2}
   (You found it on level 4 of the Dungeon)

   Int-2:     It affects your intelligence (-2).
   rN+:       It protects you from negative energy.
   Will+:     It increases your willpower.
Jewellery
 f - a +6 ring of intelligence
 g - a ring of protection from fire (left claw)
 p - a ring of flight (right claw)
 t - a +6 ring of intelligence
 x - a ring of protection from fire
Wands
 q - a wand of light (3)
 E - a wand of mindburst (11)
Scrolls
 l - a scroll of brand weapon
 n - a scroll of teleportation
 s - a scroll of identify
 w - 2 scrolls of revelation
 y - a scroll of vulnerability
 z - 2 scrolls of blinking
 D - 2 scrolls of fear
 G - a scroll of silence
 H - a scroll of acquirement {unknown}
 I - a scroll of fog {unknown}
 K - a scroll of torment {unknown}
Potions
 d - a potion of curing
 e - a potion of haste
 k - 3 potions of enlightenment
 o - a potion of ambrosia
 u - a potion of mutation
 v - a potion of resistance
 A - 2 potions of brilliance
 F - a potion of magic {unknown}
 J - a potion of degeneration {unknown}


   Skills:
 + Level 5.8 Fighting
 + Level 5.8 Dodging
 + Level 6.3 Shields
 * Level 9.3 Unarmed Combat


You had 8 spell levels left.
You didn't know any spells.
Your spell library contained the following spells:

 Spells                   Type           Power      Damage    Failure   Level
 Foxfire                  Conj/Fire      0%         2x1d4     77%         1
 Sandblast                Erth           0%         2d4       77%         1
 Slow                     Hex            0%         N/A       77%         1
 Summon Small Mammal      Summ           0%         N/A       77%         1
 Ensorcelled Hibernation  Hex/Ice        0%         N/A       88%         2
 Static Discharge         Conj/Air       0%         3-3/arc   88%         2
 Sublimation of Blood     Necr           0%         N/A       88%         2
 Call Canine Familiar     Summ           0%         N/A       98%         3
 Confusing Touch          Hex            0%         N/A       98%         3
 Dazzling Flash           Conj/Hex       0%         N/A       98%         3
 Mephitic Cloud           Conj/Alch/Air  0%         N/A       98%         3
 Stone Arrow              Conj/Erth      0%         3d7       98%         3
 Vampiric Draining        Necr           0%         2d6       98%         3
 Animate Dead             Necr           0%         N/A       100%        4
 Brom's Barrelling Bould  Conj/Erth      0%         2d3       100%        4
 Petrify                  Alch/Erth      0%         N/A       100%        4
 Summon Blazeheart Golem  Fire/Summ      0%         N/A       100%        4
 Borgnjor's Vile Clutch   Necr/Erth      0%         N/A       100%        5
 Curse of Agony           Necr           0%         N/A       100%        5
 Irradiate                Conj/Alch      0%         3d11      100%        5
 Silence                  Hex/Air        0%         N/A       100%        5
 Death Channel            Necr           0%         N/A       100%        6
 Plasma Beam              Fire/Air       0%         2x1d10    100%        6
 Starburst                Conj/Fire      0%         6d3       100%        6


Dungeon Overview and Level Annotations

Branches:
Dungeon (7/15)             Temple (1/1) D:5

Altars:
Ashenzari
Cheibriados
Dithmenos
Elyvilon
Fedhas
Hepliaklqana
Makhleb
Nemelex Xobeh
Ru
Trog
Uskayaw
Vehumet
Wu Jian
Xom
Yredelemnul
Zin
The Shining One


Innate Abilities, Weirdness & Mutations

You are too large for most types of armour.
You have claws for hands.
Your natural rate of healing is unusually fast.
You are covered in fur. (AC +1)
You have tough skin. (AC +1)


Message History

The Council accepts your kill.
You spin and attack the gnoll.
You claw the gnoll!
You kill the gnoll!
The Council accepts your kill.
You spin and attack the gnoll.
You claw the gnoll!
The gnoll is severely wounded.
The gnoll completely misses you. You block the gnoll's attack.
The gnoll hits you but does no damage.
The gnoll bouda hits you with a +0 club.
* * * LOW HITPOINT WARNING * * *
You take 3 damage, and have 10/89 hp.
You spin and attack the gnoll bouda.
You scratch the gnoll bouda.
The gnoll bouda is severely wounded.
You spin and attack the gnoll repeatedly.
You claw the gnoll!
You kill the gnoll!
The Council accepts your kill.
The howler monkey hoots and howls with incredible vigour!
The gnoll hits you from afar with a +0 spear.
* * * LOW HITPOINT WARNING * * *
You block the gnoll bouda's attack. The gnoll barely misses you.
You hear an angry buzzing noise. x2
You take 5 damage, and have 5/89 hp.
You lunge at the gnoll.
You claw the gnoll!
The gnoll is severely wounded.
You spin and attack the howler monkey.
You claw the howler monkey!
You kill the howler monkey!
The Council accepts your kill.
You spin and attack the gnoll.
You scratch the gnoll.
The gnoll is almost dead.
You block the gnoll's attack.
Things that are here:
a +0 club; a gnoll corpse; a killer bee corpse You spin and attack the gnoll bouda.
You claw the gnoll bouda!
You kill the gnoll bouda!
The Council accepts your kill.
The gnoll hits you from afar with a +0 spear.
* * * LOW HITPOINT WARNING * * *
The gnoll hits you with a +0 flail!
You die...

#..... .# .#. ......###.# .....
..........##..... ...###
........!..!.... .....#
##.............. ....#
##................
##...##.#................ ##
....#.... #.g@).......##
#.##.....#.###.)))........#
..#.....##..###...g.......#
.......###.........)......## .#
#...#...##.................#..##
##..##..###...>..........#
......
#..####..................##...
.. ...#
#..#+#<#............#.##... #..#
#.##.###..#.......)........


You could see 2 gnolls.

Vanquished Creatures
  Sigmund (D:4)
  Eustachio (D:6)
  Menkaure (D:4)
  2 water moccasins (D:7)
  A swamp worm (D:7)
  Duvessa (D:6)
  A black bear (D:5)
  An ice beast (D:7)
  2 sky beasts
  An ogre (D:7)
  A centaur (D:5)
  A kobold brigand (D:5)
  3 bullfrogs (D:7)
  2 scorpions
  5 wights (D:7)
  Dowan (D:6)
  3 killer bees (D:7)
  6 howler monkeys
  4 bombardier beetles
  3 gnoll boudas
  2 jellies
  A hound (D:5)
  2 orc priests (D:7)
  6 iguanas
  Natasha (twice) (D:4)
  3 sleepcaps
  5 orc wizards
  A hound zombie (D:4)
  19 gnolls
  10 adders
  A shadow imp (D:6)
  3 white imps
  An adder zombie (D:4)
  A ribbon worm (D:2)
  3 dart slugs
  19 orcs
  10 endoplasms
  5 giant cockroaches
  5 goblins
  3 hobgoblins (D:2)
  2 quokkas
  4 ball pythons
  3 bats
  8 frilled lizards
  15 kobolds
  8 rats
183 creatures vanquished.

Notes
Turn   | Place    | Note
-------+----------+-------------------------------------------
     0 | D:1      | jasper the Troll Fighter began the quest for the Orb.
     0 | D:1      | Reached XP level 1. HP: 22/22 MP: 0/0
    82 | D:1      | Found a faded altar of an unknown god.
   104 | D:1      | Prayed at the altar of an unknown god.
   104 | D:1      | Became a worshipper of Zin the Law-Giver
   104 | D:1      | Reached * piety under Zin
   374 | D:1      | Reached XP level 2. HP: 29/29 MP: 1/1
   904 | D:2      | Reached ** piety under Zin
  1019 | D:2      | Reached XP level 3. HP: 30/36 MP: 2/2
  1314 | D:2      | Reached skill level 3 in Unarmed Combat
  1371 | D:2      | Found a radiant altar of Vehumet.
  1519 | D:2      | Reached XP level 4. HP: 44/44 MP: 3/3
  1924 | D:3      | Reached XP level 5. HP: 38/53 MP: 4/4
  1988 | D:3      | Got the Cyclopedia of the Cumulonimbus and Execration
  2282 | D:3      | Found a blossoming altar of Fedhas.
  2291 | D:3      | Reached skill level 4 in Unarmed Combat
  2659 | D:4      | Noticed Sigmund
  2674 | D:4      | Killed Sigmund
  2675 | D:4      | Reached XP level 6. HP: 52/61 MP: 5/5
  2698 | D:4      | Noticed Menkaure
  2703 | D:4      | Killed Menkaure
  2704 | D:4      | Reached skill level 5 in Unarmed Combat
  2707 | D:4      | Reached XP level 7. HP: 67/67 MP: 6/6
  2760 | D:5      | Entered Level 5 of the Dungeon
  2837 | D:5      | Fell from the grace of Zin
  2907 | D:5      | Found a staircase to the Ecumenical Temple.
  2915 | Temple   | Entered the Ecumenical Temple
  2952 | Temple   | Became a worshipper of the Wu Jian Council
  3178 | D:5      | Found a white marble altar of Elyvilon.
  3313 | D:5      | Reached skill level 6 in Unarmed Combat
  3421 | D:5      | Reached XP level 8. HP: 72/78 MP: 7/7
  3928 | D:4      | Reached * piety under Wu Jian
  4003 | D:4      | Identified the +4 robe "Niniupnajio" {rN+ Will+ Int-2}
  4060 | D:4      | Found a basalt altar of Yredelemnul.
  4130 | D:4      | Noticed Natasha
  4134 | D:4      | Killed Natasha
  4323 | D:4      | Noticed Natasha
  4332 | D:4      | Killed Natasha
  4529 | D:6      | Reached skill level 5 in Shields
  4691 | D:6      | Reached skill level 7 in Unarmed Combat
  4711 | D:6      | Noticed Dowan
  4712 | D:6      | Noticed Eustachio
  4713 | D:6      | Noticed Duvessa
  4737 | D:6      | Killed Duvessa
  4771 | D:6      | Killed Dowan
  4792 | D:6      | Killed Eustachio
  4897 | D:6      | Reached skill level 5 in Fighting
  4900 | D:6      | Reached XP level 9. HP: 83/88 MP: 8/8
  4967 | D:6      | Reached skill level 5 in Dodging
  4969 | D:6      | Reached ** piety under Wu Jian
  5172 | D:6      | Found a broken altar of Ashenzari.
  5175 | D:6      | Found a snail-covered altar of Cheibriados.
  5182 | D:6      | Found a hide-covered altar of Uskayaw.
  5280 | D:7      | Reached skill level 8 in Unarmed Combat
  5637 | D:7      | Identified the +0 leather armour of the Harp {rPois MP+9
                  | Dex+3}
  5734 | D:7      | Reached skill level 9 in Unarmed Combat
  5750 | D:7      | Reached *** piety under Wu Jian
  5762 | D:7      | HP: 3/89 [gnoll/+0 spear[a gnoll bouda] (4)]
  5762 | D:7      | Slain by a gnoll

Illustrated notes

Levels and vault maps discovered:
D:1:      giann_wishing_wells, layout_loops_corners,
          ebering_ecumenical_altar_petrified
D:2:      layout_loops_corners, basic_altar, serial_bayou, serial_bayou_lake_a,
          serial_bayou_pond_e, serial_bayou_crossing, serial_bayou_shore_b,
          serial_bayou_pond_d, serial_bayou_pond_d, lexackson_kobold_supper
D:3:      layout_loops_ring, mainiacjoe_overflow_concentric_impassable
D:4:      layout_cave_pools, lemuel_zombie_altar_yredelemnul, uniq_sigmund,
          uniq_menkaure, uniq_natasha
D:5:      layout_basic, nicolae_elyvilon_temple_path, minmay_temple_entry_wispy
D:6:      layout_basic, grunt_temple_overflow_diamond, uniq_duvessa,
          uniq_eustachio
D:7:      layout_cave_pools, grunt_ministairs_14, worms_lemuel
Temple:   bh_familiar_temple

Skill      XL: |  1  2  3  4  5  6  7  8  9 |
---------------+----------------------------+-----
Shields        | 3 4 5 6 |  6.3
Unarmed Combat | 3 4 5 6 7 9 |  9.3
Fighting       | 3 4 5 |  5.8
Dodging        | 3 4 5 |  5.8

Action                     |  1- 3 |  4- 6 |  7- 9 || total
---------------------------+-------+-------+-------++-------
  Melee: Unarmed           |    79 |    98 |   457 ||   634
 Invoke: Recite            |       |     8 |     2 ||    10
         Renounce Religion |       |       |     1 ||     1
Ability: Lunge             |       |       |    42 ||    42
         Whirlwind         |       |       |   105 ||   105
         Wall Jump         |       |       |     3 ||     3
    Use: Scroll            |       |    10 |     8 ||    18
         Potion            |       |     1 |     3 ||     4
   Stab: Sleeping          |       |     2 |     1 ||     3
         Confused          |       |       |     1 ||     1
 Armour: Robe              |    37 |    51 |   278 ||   366
  Dodge: Dodged            |    19 |    35 |   173 ||   227
  Block: Kite shield       |    25 |    33 |   189 ||   247

Table legend: (Time is in decaauts)
 A = Elapsed time spent in this place.
 B = Non-inter-level travel time spent in this place.
 C = Inter-level travel time spent in this place.
 D = Time resting spent in this place.
 E = Time spent auto-exploring this place.
 F = Levels seen in this place.
 G = Mean time per level.
                   A        B        C        D        E       F      G
               +--------+--------+--------+--------+--------+-----+--------+
         Total |   5770 |   5558 |    212 |    320 |   3817 |   8 |  721.2 |
       Dungeon |   5696 |   5555 |    141 |    320 |   3817 |   7 |  813.7 |
        Temple |     73 |      2 |     71 |      0 |      0 |   1 |   73.0 |
               +--------+--------+--------+--------+--------+-----+--------+

Top non-repeatable levels by time:
     D:5: 1072 daAuts
     D:2: 1035 daAuts
     D:1: 827 daAuts
     D:3: 807 daAuts
     D:6: 753 daAuts
     D:4: 696 daAuts
     D:7: 505 daAuts
  Temple: 73 daAuts
